 Dungeon Crawl Stone Soup version 0.29.1-1-gd02db6906a (webtiles) character file.

Game seed: 18055896624540854681

2191 safid the Skirmisher (level 9, -3/69 HPs)
             Began as a Minotaur Hunter on Oct 18, 2022.
             Was a Follower of Okawaru.
             Slain by a steam dragon (6 damage)
             ... on level 7 of the Dungeon.
             The game lasted 00:12:52 (8193 turns).

safid the Skirmisher (Minotaur Hunter)              Turns: 8193, Time: 00:12:53

Health: -3/69      AC:  6    Str: 16    XL:     9   Next: 12%
Magic:  8/8        EV: 11    Int:  6    God:    Okawaru [*.....]
Gold:   284        SH:  0    Dex: 18    Spells: 6/8 levels left

rFire   . . .      SeeInvis .   m - +0 arbalest
rCold   . . .      Faith    .   (shield currently unavailable)
rNeg    . . .      Spirit   .   j - +0 ring mail
rPois   .          Reflect  .   (helmet restricted)
rElec   .          Harm     .   g - +0 cloak
rCorr   +          Rampage  .   (no gloves)
Will    .....                   (no boots)
Stlth   +.........              (no amulet)
HPRegen 0.21/turn               f - ring of resist corrosion
MPRegen 0.11/turn               h - ring of flight

@: about to teleport, attractive, flying
A: horns 2, retaliatory headbutt
a: Renounce Religion, Heroism


You were on level 7 of the Dungeon.
You worshipped Okawaru.
Okawaru was aware of your devotion.
You visited 1 branch of the dungeon, and saw 7 of its levels.

You collected 284 gold pieces.

Inventory:

Hand Weapons
 m - a +0 arbalest (weapon)
Armour
 g - a +0 cloak (worn)
 j - a +0 ring mail (worn)
Jewellery
 f - a ring of resist corrosion (left hand)
 h - a ring of flight (right hand)
Wands
 o - a wand of roots (7)
Scrolls
 a - a scroll of noise {unknown}
 e - a scroll of magic mapping
 l - 2 scrolls of blinking
 n - a scroll of enchant weapon
 r - a scroll of brand weapon
 v - a scroll of poison
Potions
 b - a potion of brilliance {unknown}
 c - 3 potions of berserk rage
 d - a potion of haste {unknown}
 p - a potion of mutation {unknown}
 q - a potion of attraction
 s - a potion of heal wounds {unknown}
 u - a potion of lignification {unknown}


   Skills:
 - Level 3.0 Fighting
 + Level 13.6 Ranged Weapons
 - Level 2.1 Dodging
 - Level 0.7 Stealth


You had 6 spell levels left.
You knew the following spells:

 Your Spells              Type           Power      Damage    Failure   Level
a - Blink                 Tloc           0%         N/A       82%         2

Your spell library contained the following spells:

 Spells                   Type           Power      Damage    Failure   Level
 Sting                    Tmut/Pois      0%         1d3       67%         1
 Poisonous Vapours        Pois/Air       0%         N/A       82%         2
 Corpse Rot               Necr/Pois/Air  0%         N/A       100%        4
 Olgreb's Toxic Radiance  Pois           0%         N/A       100%        4
 Manifold Assault         Tloc           0%         N/A       100%        5
 Storm Form               Tmut/Air       0%         N/A       100%        7


Dungeon Overview and Level Annotations

Branches:
Dungeon (7/15)             Temple (0/1) D:6

Altars:
Dithmenos
Okawaru
Sif Muna
Trog
Uskayaw
Wu Jian


Innate Abilities, Weirdness & Mutations

You have a pair of horns on your head.
You reflexively headbutt those who attack you in melee.


Message History

You are engulfed in a cloud of scalding steam.
The phantom closely misses you.
You shoot a bolt.
The bolt closely misses the steam dragon.
You are engulfed in a cloud of scalding steam.
The phantom hits you but does no damage.
The steam dragon bites you. The steam dragon closely misses you.
You are too injured to fight recklessly!
You are too injured to fight recklessly!
Fire: m) +0 arbalest
Press: ? - help, Q - select action, (/) - cycle Shift-Dir - straight line, f/p - steam dragon
Aim: a steam dragon (64% to hit)
You shoot a bolt. The bolt hits the steam dragon.
The steam dragon is lightly wounded.
The steam dragon bites you but does no damage.
The steam dragon claws you. The phantom closely misses you.
You furiously retaliate!
You headbutt the phantom.
The steam dragon bites you but does no damage.
The steam dragon misses you. The phantom hits you.
Fire: m) +0 arbalest
Press: ? - help, Q - select action, (/) - cycle Shift-Dir - straight line, f/p - steam dragon
Aim: a steam dragon (lightly wounded, 64% to hit)
You shoot a bolt. The bolt hits the steam dragon!
The steam dragon is severely wounded.
The steam dragon closely misses you. The steam dragon claws you.
* * * LOW HITPOINT WARNING * * *
The phantom barely misses you.
As you read the scroll of teleportation, it crumbles to dust.
You feel strangely unstable. The steam dragon breathes steam at you.
The ball of steam hits you!
* * * LOW HITPOINT WARNING * * *
The phantom hits you.
* * * LOW HITPOINT WARNING * * *
The phantom blinks!
You blink.
Unknown command.
It was a potion of attraction.
You feel attractive to monsters. The steam dragon bites you.
You die...

##.###..#....#.#.#
#.......#.#....#.#
#..####.#.#.####.#
#.....#.#.#.# #.#
#...#.#.# #.####.######
#.[.#.#.# #...........#
#...#...#.#######.###.#
#...#####.......W.§.#
#.......####....@.#.#
#..####.# #.###D§#.#
...# . .......†n# .
...# .# .#####...# ##
...##.# .#..# #.....#
.#.#.# ##....#.# =#
##.# ##......# )# #.#
........# .# .#


You could see a steam dragon (catching breath), a necrophage and a phantom.

Vanquished Creatures
  Sigmund (D:2)
  2 water moccasins
  An orc warrior (D:6)
  An ice beast (D:5)
  An ogre (D:6)
  2 phantoms
  4 bullfrogs
  A kobold brigand (D:6)
  5 scorpions
  4 wights (D:5)
  A howler monkey (D:5)
  2 hounds (D:5)
  2 gnoll boudas
  An orc priest (D:5)
  An iguana (D:6)
  3 orc wizards
  10 gnolls
  9 adders
  A shadow imp (D:6)
  2 white imps (D:6)
  An ufetubus (D:4)
  A worm (D:5)
  3 dart slugs
  6 orcs
  5 ball pythons
  5 endoplasms
  6 giant cockroaches
  11 goblins
  5 hobgoblins
  4 jackals (D:2)
  8 kobolds
  6 quokkas
  6 bats
  2 frilled lizards (D:2)
  4 rats
127 creatures vanquished.

Vanquished Creatures (others)
  A white imp (D:7)
  2 plants (D:4)
3 creatures vanquished.

Grand Total: 130 creatures vanquished

Notes
Turn   | Place    | Note
-------+----------+-------------------------------------------
     0 | D:1      | safid the Minotaur Hunter began the quest for the Orb.
     0 | D:1      | Reached XP level 1. HP: 18/18 MP: 0/0
    93 | D:1      | Reached XP level 2. HP: 26/26 MP: 1/1
   395 | D:1      | Reached skill level 5 in Ranged Weapons
   596 | D:2      | Found a faded altar of an unknown god.
   735 | D:2      | Noticed Sigmund
   741 | D:2      | Reached XP level 3. HP: 19/31 MP: 2/2
   992 | D:2      | Learned a level 2 spell: Blink
  2030 | D:2      | Killed Sigmund
  2031 | D:2      | Reached skill level 7 in Ranged Weapons
  2031 | D:2      | Reached XP level 4. HP: 29/38 MP: 3/3
  2031 | D:2      | Reached XP level 5. HP: 35/45 MP: 4/4
  3082 | D:3      | Noticed a +0 dagger
  3082 | D:3      | Noticed a +0 hand axe
  3083 | D:3      | Found a hide-covered altar of Uskayaw.
  3204 | D:4      | Reached XP level 6. HP: 51/51 MP: 5/5
  3217 | D:4      | Reached skill level 8 in Ranged Weapons
  3368 | D:4      | HP: 1/51 [gnoll bouda/+0 club (10)]
  4056 | D:4      | Reached skill level 9 in Ranged Weapons
  4247 | D:4      | Identified the +1 robe of Misanthropy {rF+ rN++ Str-3}
  4322 | D:4      | Found an ornate altar of the Wu Jian Council.
  4476 | D:5      | Entered Level 5 of the Dungeon
  4490 | D:5      | Noticed a water moccasin
  4495 | D:5      | Reached XP level 7. HP: 57/57 MP: 6/6
  4840 | D:5      | Reached skill level 10 in Ranged Weapons
  5147 | D:5      | Reached skill level 11 in Ranged Weapons
  5147 | D:5      | Reached XP level 8. HP: 63/63 MP: 7/7
  5360 | D:5      | Reached skill level 12 in Ranged Weapons
  5554 | D:5      | Found an iron altar of Okawaru.
  5562 | D:5      | Became a worshipper of Warmaster Okawaru
  5916 | D:6      | Found a shadowy altar of Dithmenos.
  6406 | D:6      | Found a staircase to the Ecumenical Temple.
  6429 | D:6      | Reached skill level 13 in Ranged Weapons
  7071 | D:6      | Found a shimmering blue altar of Sif Muna.
  7353 | D:6      | Found a bloodstained altar of Trog.
  7359 | D:6      | Reached * piety under Okawaru
  7360 | D:6      | Reached XP level 9. HP: 69/69 MP: 8/8
  8126 | D:7      | Identified the +1 robe "Tuenaov" {rPois rF+ Int+6 Dex-5}
  8192 | D:7      | HP: 3/69 [phantom (6)]
  8193 | D:7      | Slain by a steam dragon

Illustrated notes

Levels and vault maps discovered:
D:1:      matt_arrival_debris, layout_rooms
D:2:      layout_loops_cross, shapermc_ecumenical_altar_venn, uniq_sigmund
D:3:      layout_loops_ring, dancing_weapons_uskayaw,
          hangedman_decor_clover_reticule
D:4:      layout_rooms, pdpol_wu_jian_five_deadly_venoms, serial_forest,
          infiniplex_forest_end_2, infiniplex_forest_corner_1,
          infiniplex_forest_corner_1, infiniplex_forest_clump_small,
          infiniplex_forest_join, infiniplex_forest_corner_1,
          infiniplex_forest_clump_medium
D:5:      layout_rooms, mainiacjoe_overflow_chevrons
D:6:      layout_layer_cave, nzn_overflow_gifts_of_might_and_magic,
          mainiacjoe_overflow_boulevard, minmay_temple_entry_tees,
          grunt_ministairs_3, kennysheep_generic_room_3
D:7:      layout_basic, good_gods_temple_1, gammafunk_ghost_hive,
          minmay_circle_x

Skill      XL: |  1  2  3  4  5  6  7  8 |
---------------+-------------------------+-----
Fighting       | 3 |  3.0
Ranged Weapons | 5 7 9 11 13 | 13.6
Dodging        | |  2.1
Stealth        | |  0.7

Action                   |  1- 3 |  4- 6 |  7- 9 || total
-------------------------+-------+-------+-------++-------
 Fire: Shortbow          |   134 |   179 |   251 ||   564
       Arbalest          |       |       |    20 ||    20
  Use: Potion            |       |     1 |     2 ||     3
       Scroll            |       |       |    11 ||    11
Armor: Leather armour    |     4 |       |       ||     4
       Ring mail         |    21 |    32 |    38 ||    91
Dodge: Dodged            |    53 |    51 |    97 ||   201
